 Dungeon Crawl Stone Soup version 0.30-a0-743-gbfdf073431 (webtiles) character file.

Game seed: 10225458431293874487

3224 nvknbk the Fighter (level 9, -3/81 HPs)
             Began as a Minotaur Fighter on Feb 5, 2023.
             Slain by a centaur
             ... wielding a +2 trident of protection
              (7 damage)
             ... on level 7 of the Dungeon.
             The game lasted 00:14:12 (5179 turns).

nvknbk the Fighter (Minotaur Fighter)               Turns: 5179, Time: 00:14:12

Health: -3/81      AC: 10    Str: 24    XL:     9   Next: 66%
Magic:  8/8        EV: 10    Int:  9    God:
Gold:   251        SH:  9    Dex:  9    Spells: 8/8 levels left

rFire   . . .      SeeInvis +    d - +1 broad axe (flame)
rCold   x . .      Faith    .    f - +0 kite shield
rNeg    . . .      Spirit   .    b - +1 scale mail
rPois   .          Reflect  .    (helmet restricted)
rElec   .          Harm     .    e - +0 cloak
rCorr   .          Rampage  .    (no gloves)
Will    .....      Clarity  +    (no boots) Stlth
                                 j - amulet of regeneration
HPRegen 1.13/turn                c - ring of see invisible
MPRegen 0.11/turn                (no ring)

@: mighty, slowed, very slow
A: horns 2, retaliatory headbutt, clarity, clever 1, cold vulnerability 1
a: no special abilities


You were on level 7 of the Dungeon.
You visited 2 branches of the dungeon, and saw 8 of its levels.
You also visited: Sewer.

You collected 431 gold pieces.
You spent 180 gold pieces at shops.

Inventory:

Hand Weapons
 a - a +0 war axe
 d - a +1 broad axe of flaming (weapon)
Missiles
 p - 2 throwing nets (quivered)
Armour
 b - a +1 scale mail (worn)
 e - a +0 cloak (worn)
 f - a +0 kite shield (worn)
Jewellery
 c - a ring of see invisible (left hand)
 j - an amulet of regeneration (around neck)
Wands
 l - a wand of roots (15)
Scrolls
 h - 2 scrolls of teleportation
 k - 2 scrolls of magic mapping
 s - a scroll of immolation
Potions
 g - a potion of curing
 i - 3 potions of brilliance
 m - 2 potions of attraction
 n - 2 potions of resistance
 o - a potion of cancellation
 q - 4 potions of heal wounds
 t - 2 potions of magic {unknown}


   Skills:
 + Level 8.2 Fighting
 + Level 7.6 Axes
 + Level 8.1 Armour
 + Level 6.5 Dodging
 + Level 8.1 Shields


You had 8 spell levels left.
You didn't know any spells.
Your spell library contained the following spells:

 Spells                   Type           Power      Damage    Failure   Level
 Apportation              Tloc           0%         N/A       91%         1
 Freeze                   Ice            0%         1d3       91%         1
 Necrotise                Necr           0%         1d4       91%         1
 Summon Small Mammal      Summ           0%         N/A       91%         1
 Sublimation of Blood     Necr           0%         N/A       97%         2
 Frozen Ramparts          Ice            0%         1d1       100%        3
 Gell's Gravitas          Tloc           0%         N/A       100%        3
 Hailstorm                Conj/Ice       0%         3d3       100%        3
 Teleport Other           Tloc           0%         N/A       100%        3
 Petrify                  Tmut/Erth      0%         N/A       100%        4
 Irradiate                Conj/Tmut      0%         3d11      100%        5
 Dispersal                Tloc           0%         N/A       100%        6


Dungeon Overview and Level Annotations

Branches:
Dungeon (7/15)             Temple (1/1) D:4           Sewer (visited)

Altars:
Ashenzari
Cheibriados
Dithmenos
Elyvilon
Gozag
Hepliaklqana
Kikubaaqudgha
Makhleb
Qazlal
Ru
Sif Muna
Trog
Uskayaw
Vehumet
Wu Jian
Xom
Yredelemnul
Zin
The Shining One

Shops:
D:6 *


Innate Abilities, Weirdness & Mutations

You have a pair of horns on your head.
You reflexively headbutt those who attack you in melee.
You possess an exceptional clarity of mind.
Your mind is acute. (Int +4, Str/Dex -1)
You are vulnerable to cold. (rC-)


Message History

The centaur closely misses you. The vampire mosquito bites you!
The vampire mosquito draws strength from your injuries!
Unknown command.
You closely miss the vampire mosquito.
The vampire mosquito is heavily damaged.
You slash the wraith! You burn the wraith. The vampire mosquito bites you!
* * * LOW HITPOINT WARNING * * *
The vampire mosquito draws strength from your injuries!
You block the centaur's attack.
The vampire mosquito bites you but does no damage.
You block the wraith's attack.
The centaur hits you but does no damage.
The vampire mosquito bites you.
* * * LOW HITPOINT WARNING * * *
The vampire mosquito draws strength from your injuries!
The wraith closely misses you. The centaur closely misses you.
You barely miss the vampire mosquito.
The vampire mosquito is lightly damaged.
You hit the wraith. You burn the wraith. The vampire mosquito bites you.
* * * LOW HITPOINT WARNING * * *
The vampire mosquito draws strength from your injuries!
The vampire mosquito bites you but does no damage.
The centaur barely misses you. The wraith closely misses you.
The vampire mosquito barely misses you. You furiously retaliate!
You headbutt the vampire mosquito!
The centaur hits you from afar with a +2 trident of protection!
* * * LOW HITPOINT WARNING * * *
You block the wraith's attack. The vampire mosquito barely misses you.
The centaur hits you from afar with a +2 trident of protection.
* * * LOW HITPOINT WARNING * * *
You miss the vampire mosquito.
Your headbutt misses the vampire mosquito.
The vampire mosquito is severely damaged.
You hit the wraith but do no damage.
You block the vampire mosquito's attack.
The vampire mosquito bites you.
* * * LOW HITPOINT WARNING * * *
The vampire mosquito draws strength from your injuries!
The centaur hits you from afar with a +2 trident of protection!
You die...

...'..#.......#...##...#.#.#
...####.#########......#.#.
+#......# #####..# ########
#.....# #.....# #....##
#....# ###'########.#
.....Cy@.....#
.....cW.###### ........#
......... ........#
........# #########


You could see a cyclops, a wraith, a vampire mosquito and a centaur.

Vanquished Creatures
  A hornet (D:7)
  A yak (D:7)
  A sky beast (D:6)
  An ice beast (D:5)
  An ogre (D:5)
  A phantom (D:6)
  9 kobold brigands
  Blork the orc (D:4)
  5 bullfrogs
  2 necrophages (D:5)
  3 scorpions
  8 wights
  3 howler monkeys
  A jelly (D:5)
  3 orc priests (D:6)
  2 hounds
  3 iguanas
  8 orc wizards
  7 gnolls
  4 adders
  A river rat (Sewer)
  2 white imps
  5 worms
  A dart slug (D:2)
  20 orcs
  9 ball pythons
  10 endoplasms
  2 giant cockroaches
  7 hobgoblins
  16 kobolds
  5 quokkas
  14 bats
  5 frilled lizards
  3 goblins
  8 rats
173 creatures vanquished.

Vanquished Creatures (others)
  4 plants (D:4)
4 creatures vanquished.

Grand Total: 177 creatures vanquished

Notes
Turn   | Place    | Note
-------+----------+-------------------------------------------
     0 | D:1      | nvknbk the Minotaur Fighter began the quest for the Orb.
     0 | D:1      | Reached XP level 1. HP: 19/19 MP: 0/0
   294 | D:1      | Reached XP level 2. HP: 27/27 MP: 1/1
   664 | D:2      | Reached skill level 1 in Dodging
   723 | D:2      | Reached XP level 3. HP: 30/33 MP: 2/2
   928 | D:2      | Found a broken altar of Ashenzari.
   951 | D:2      | Found a faded altar of an unknown god.
  1652 | D:3      | Reached XP level 4. HP: 40/40 MP: 3/3
  2043 | D:4      | Found a staircase to the Ecumenical Temple.
  2056 | Temple   | Entered the Ecumenical Temple
  2181 | D:4      | Reached XP level 5. HP: 33/47 MP: 4/4
  2245 | D:4      | Noticed Blork the orc
  2257 | D:4      | Killed Blork the orc
  2561 | D:4      | HP: 1/46 [gnoll/+0 halberd (3)]
  2562 | D:4      | Reached XP level 6. HP: 2/55 MP: 5/5
  2584 | D:4      | Reached skill level 5 in Fighting
  2588 | D:4      | Reached skill level 5 in Armour
  2588 | D:4      | Reached skill level 5 in Shields
  2730 | D:4      | Gained mutation: Your mind is acute. (Int +4, Str/Dex -1)
                  | [potion of mutation]
  2730 | D:4      | Gained mutation: You are vulnerable to cold. (rC-) [potion
                  | of mutation]
  2730 | D:4      | Gained mutation: You possess an exceptional clarity of
                  | mind. [potion of mutation]
  2830 | D:5      | Entered Level 5 of the Dungeon
  2889 | D:5      | Noticed an ice beast
  2901 | D:5      | Killed an ice beast
  2902 | D:5      | Reached XP level 7. HP: 45/61 MP: 6/6
  2989 | D:5      | Identified a scroll of acquirement
  2989 | D:5      | Acquired a +1 broad axe of flaming
  3305 | D:5      | Reached skill level 5 in Axes
  3535 | D:6      | Found Lutef's General Store.
  3543 | D:6      | Bought 2 potions of heal wounds for 120 gold pieces
  3543 | D:6      | Bought a potion of heal wounds for 60 gold pieces
  3583 | D:6      | Found a glowing drain.
  3604 | Sewer    | Entered a sewer
  3654 | Sewer    | Reached XP level 8. HP: 69/70 MP: 7/7
  4245 | D:6      | Reached skill level 5 in Dodging
  4353 | D:6      | Found a basalt altar of Yredelemnul.
  4472 | D:6      | Reached XP level 9. HP: 46/79 MP: 8/8
  5167 | D:7      | Noticed a cyclops
  5179 | D:7      | HP: 4/81 [vampire mosquito (6)]
  5179 | D:7      | Slain by a centaur

Illustrated notes

Levels and vault maps discovered:
D:1:      spicycebolla_green_bress_n_ham, layout_loops_ring
D:2:      layout_basic, dreamdust_ecumenical_altar_statues, basic_altar
D:3:      layout_rooms, chequers_big_river
D:4:      wad_lake_hut, layout_rooms, minmay_temple_entry_antechambers,
          patterned_corridor, uniq_blork_the_orc
D:5:      layout_basic
D:6:      layout_gridville, mainiacjoe_overflow_brackets,
          cheibrodos_sewer_entry_sluice, serial_shops, nicolae_square_shop
D:7:      minmay_blocky_corners, layout_basic, glass_columns_a
Temple:   dpeg_three_leaves_temple

Skill      XL: |  1  2  3  4  5  6  7  8  9 |
---------------+----------------------------+-----
Dodging        | 1 2 3 4 5 6 |  6.5
Armour         | 4 5 6 7 8 |  8.1
Fighting       | 4 5 6 7 8 |  8.2
Axes           | 3 4 5 6 7 |  7.6
Shields        | 4 5 6 7 8 |  8.1

Action                     |  1- 3 |  4- 6 |  7- 9 || total
---------------------------+-------+-------+-------++-------
  Melee: War axe           |    86 |   100 |     7 ||   193
         Headbutt          |     6 |    20 |    37 ||    63
         Broad axe         |       |       |   211 ||   211
    Use: Scroll            |     4 |     4 |     8 ||    16
         Potion            |       |     5 |     2 ||     7
 Armour: Scale mail        |    46 |    87 |    85 ||   218
  Dodge: Dodged            |    45 |    47 |   103 ||   195
  Block: Buckler           |    13 |       |       ||    13
         Kite shield       |     4 |    38 |   117 ||   159

Table legend: (Time is in decaauts)
 A = Elapsed time spent in this place.
 B = Non-inter-level travel time spent in this place.
 C = Inter-level travel time spent in this place.
 D = Time resting spent in this place.
 E = Time spent auto-exploring this place.
 F = Levels seen in this place.
 G = Mean time per level.
                   A        B        C        D        E       F      G
               +--------+--------+--------+--------+--------+-----+--------+
         Total |   5563 |   5345 |    218 |      0 |   4128 |   9 |  618.1 |
       Dungeon |   4686 |   4483 |    203 |      0 |   3532 |   7 |  669.4 |
        Temple |     79 |     64 |     15 |      0 |     56 |   1 |   79.0 |
         Sewer |    796 |    796 |      0 |      0 |    539 |   1 |  796.0 |
               +--------+--------+--------+--------+--------+-----+--------+

Top non-repeatable levels by time:
     D:6: 919 daAuts
   Sewer: 796 daAuts
     D:2: 790 daAuts
     D:4: 777 daAuts
     D:5: 705 daAuts
     D:1: 662 daAuts
     D:3: 649 daAuts
     D:7: 180 daAuts
  Temple: 79 daAuts
